 Dungeon Crawl Stone Soup version 0.31-a0-216-g22e908daa7 (webtiles) character file.

Game seed: 276886294607055205

65 qw the Shooter (level 4, -1/26 HPs)
             Began as a Gargoyle Hexslinger on July 2, 2023.
             Killed from afar by Natasha (6 damage)
             ... with a magic dart
             ... on level 3 of the Dungeon.
             The game lasted 00:00:42 (1679 turns).

qw the Shooter (Gargoyle Hexslinger)                Turns: 1679, Time: 00:00:42

Health: -1/26      AC:  8    Str: 11    XL:     4   Next: 13%
Magic:  5/5        EV: 10    Int: 14    God:
Gold:   40         SH:  0    Dex: 14    Spells: 4/5 levels left

rFire   . . .        Y - +1 sling
rCold   . . .        (no shield)
rNeg    + + .        d - +0 ring mail
rPois   inf          (no helmet)
rElec   +            (no cloak)
rCorr   .            (no gloves)
SInv    .            (no boots)
Will    .....        (no amulet)
Stlth   +            k - ring of positive energy
HPRegen 0.24/turn    (no ring)
MPRegen 0.09/turn

%: no passive effects
@: slowed, very slow
A: sickness immunity, AC +3, negative energy resistance 1, electricity
resistance, torment resistance 1, petrification resistance
a: no special abilities


You were on level 3 of the Dungeon.
You visited 1 branch of the dungeon, and saw 3 of its levels.

You collected 40 gold pieces.


Innate Abilities, Weirdness & Mutations

You are immune to sickness and miasma.
Your stone body is resilient. (AC +3)
You are immune to poison.
You resist negative energy. (rN+)
You are resistant to electric shocks. (rElec)
You are resistant to unholy torment.
You are immune to petrification.


   Skills:
 - Level 2.0 Fighting
 - Level 4.0 Ranged Weapons
 + Level 0.0 Armour
 - Level 1.5 Dodging
 - Level 1.0 Spellcasting
 - Level 2.6 Hexes


You had 4 spell levels left.
You knew the following spells:

 Your Spells              Type           Power      Damage    Failure   Level
a - Slow                  Hex            32%        N/A       22%         1

Your spell library contained the following spells:

 Spells                   Type           Power      Damage    Failure   Level
 Inner Flame              Hex/Fire       4%         N/A       73%         3
 Portal Projectile        Hex/Tloc       8%         N/A       73%         3
 Cause Fear               Hex            4%         N/A       91%         4

Inventory:

Hand Weapons
 Y - a +1 sling (weapon)
Armour
 d - a +0 ring mail (worn)
 j - a +0 cloak
Jewellery
 k - a ring of positive energy (left hand)
Scrolls
 a - a scroll of brand weapon {unknown}
Potions
 b - a potion of curing {unknown}
 e - a potion of enlightenment {unknown}
 g - a potion of brilliance {unknown}
 i - a potion of degeneration {unknown}

Dungeon Overview and Level Annotations

Branches:
Dungeon (3/15)

Altars:

Annotations:
D:2 1 runed translucent door, Crazy Yiuf
D:3 Natasha


Message History

The sling bullet hits Natasha but does no damage.
Natasha is severely wounded.
Natasha completely misses you. Natasha claws you but does no damage.
You shoot a sling bullet. The sling bullet barely misses Natasha.
Natasha casts a spell.
Natasha claws you!
You shoot a sling bullet. The sling bullet barely misses Natasha.
Natasha mumbles some strange words.
You feel disoriented. Natasha closely misses you.
The cerulean imp hits you but does no damage.
Natasha claws you but does no damage.
The cerulean imp hits you with a +0 spear.
You shoot a sling bullet.
The sling bullet closely misses Natasha.
Natasha closely misses you.
The cerulean imp hits you but does no damage.
Natasha closely misses you. The cerulean imp barely misses you.
You shoot a sling bullet.
The sling bullet closely misses Natasha.
Natasha casts a spell.
The cerulean imp hits you but does no damage.
Natasha barely misses you.
The cerulean imp hits you but does no damage.
You shoot a sling bullet.
The sling bullet hits Natasha but does no damage.
Natasha is severely wounded.
Natasha claws you.
The cerulean imp hits you from afar with a +1 spear.
Natasha claws you but does no damage. The cerulean imp barely misses you.
You shoot a sling bullet. The sling bullet barely misses Natasha.
The cerulean imp hits you from afar with a +1 spear.
Natasha claws you but does no damage.
The cerulean imp hits you but does no damage.
The cerulean imp completely misses you.
Natasha howls an incantation.
You feel disoriented.
Natasha stares at you and mumbles some strange words.
The magic dart hits you.
You die...

.... .$. ... ..
.####.# .....5.
#..5#### #h@..####
####....####.
.###########
##.#......
...........#
##.....###
#......<.#
##..###...#
#....?...######...#
#..
#...........##..#.#
.
#.................#
#........###...####


You could see Natasha and 2 cerulean imps.

Vanquished Creatures
  An adder (D:2)
  A worm (D:2)
  A dart slug (D:2)
  7 ball pythons
  4 bats
  3 endoplasms (D:1)
  2 giant cockroaches
  A goblin (D:2)
  6 hobgoblins
  7 jackals (D:1)
  2 quokkas (D:1)
  A frilled lizard (D:2)
  4 kobolds
  7 rats
47 creatures vanquished.

Notes
Turn   | Place    | Note
-------+----------+-------------------------------------------
     0 | D:1      | qw the Gargoyle Hexslinger began the quest for the Orb.
     0 | D:1      | Reached XP level 1. HP: 12/12 MP: 2/2
     0 | D:1      | 0 ||| qw: Version: 0.3-a-35-g05ef00e
     0 | D:1      | 0 ||| qw: Game counter: 7788
     0 | D:1      | 0 ||| qw: Melee chars always use a shield: true
     0 | D:1      | 0 ||| qw: God list: Okawaru
     0 | D:1      | 0 ||| qw: Allow faded altars: false
     0 | D:1      | 0 ||| qw: Do Orc after clearing Dungeon:15 true
     0 | D:1      | 0 ||| qw: Do second Lair branch before Depths: true
     0 | D:1      | 0 ||| qw: Lair rune preference: random
     0 | D:1      | 0 ||| qw: Goals: Normal
     0 | D:1      | 0 ||| PLANNING D:1-11
    59 | D:1      | Reached XP level 2. HP: 12/16 MP: 3/3
   101 | D:1      | Reached skill level 3 in Ranged Weapons
   321 | D:1      | Reached XP level 3. HP: 21/21 MP: 4/4
   583 | D:1      | Found a faded altar of an unknown god.
   703 | D:1      | 703 ||| UPGRADING to ring of positive energy.
   704 | D:1      | 704 ||| READING scroll labelled FUZONN CULOTS.
   705 | D:1      | 705 ||| READING scroll labelled POGOCV YSAHI.
   706 | D:1      | 706 ||| READING scroll labelled FOOHASALOI.
   707 | D:1      | 707 ||| DROPPING scroll of poison.
   862 | D:2      | Reached XP level 4. HP: 10/26 MP: 5/5
  1261 | D:2      | Found a runed translucent door.
  1262 | D:2      | Noticed Crazy Yiuf
  1462 | D:2      | 1462 ||| UPGRADING to +0 ring mail.
  1472 | D:2      | 1472 ||| DROPPING +0 robe.
  1473 | D:2      | 1473 ||| READING scroll labelled KYALAEPIT.
  1488 | D:2      | 1488 ||| READING scroll labelled OLLAUZXACOPH.
  1575 | D:2      | 1575 ||| READING scroll labelled TAIWEA YPLAW.
  1576 | D:2      | 1576 ||| READING scroll labelled AGUSOX XASOW.
  1577 | D:2      | 1577 ||| DRINKING 2 cyan potions.
  1637 | D:3      | Reached skill level 4 in Ranged Weapons
  1658 | D:3      | Noticed Natasha
  1669 | D:3      | HP: 3/26 [Natasha (7)]
  1670 | D:3      | 1670 ||| DRINKING potion of heal wounds.
  1678 | D:3      | HP: 6/26 [cerulean imp/+1 spear[Natasha] (3)]
  1679 | D:3      | Killed from afar by Natasha

Levels and vault maps discovered:
D:1:      shiori_shiawase, layout_basic, shapermc_ecumenical_altar_mp_vishouse
D:2:      layout_loops_ring, uniq_crazy_yiuf_cottage
D:3:      layout_rooms, ebering_ghost_disaster_area, serial_bayou_pond_e,
          uniq_natasha, uniq_ijyb

Skill      XL: |  1  2  3  4 |
---------------+-------------+-----
Ranged Weapons | 3 4 |  4.0
Fighting       | 2 |  2.0
Dodging        | |  1.5
Spellcasting   | |  1.0
Hexes          | |  2.6

Action                     |  1- 3 |  4- 6 || total
---------------------------+-------+-------++-------
   Fire: Sling             |   132 |    34 ||   166
    Use: Scroll            |     3 |     4 ||     7
         Potion            |       |     2 ||     2
 Armour: Robe              |    30 |     2 ||    32
         Ring mail         |       |    11 ||    11
  Dodge: Dodged            |    56 |    15 ||    71

Table legend:
 A = Non-vault XP
 B = Vault XP
 C = Vault XP percentage of total XP
 D = Non-vault monster count
 E = Vault monster count
 F = Vault count percentage of total count
                 A         B        C        D         E       F
            +---------+---------+-------+---------+---------+-------
      Total |      93 |       0 |   0.0 |      47 |       0 |   0.0
            +---------+---------+-------+---------+---------+-------
        D:1 |      53 |       0 |   0.0 |      31 |       0 |   0.0
        D:2 |      37 |       0 |   0.0 |      14 |       0 |   0.0
        D:3 |       3 |       0 |   0.0 |       2 |       0 |   0.0
            +---------+---------+-------+---------+---------+-------
